 Dungeon Crawl Stone Soup version 0.28-a0-536-g4f1c8046e5 (webtiles) character file.

Game seed: 15919335430313719120

399 uniqcum the Covered (level 6, -1/53 HPs)
             Began as a Hill Orc Fighter on Sept 27, 2021.
             Slain by a killer bee (7 damage)
             ... on level 5 of the Dungeon.
             The game lasted 00:14:22 (6716 turns).

uniqcum the Covered (Hill Orc Fighter)              Turns: 6716, Time: 00:14:52

Health: -1/53      AC:  7    Str: 27    XL:     6   Next: 84%
Magic:  6/6        EV: 10    Int:  8    God:
Gold:   140        SH:  4    Dex:  6    Spells: 5/5 levels left

rFire   . . .      SeeInvis .   l - +2 short sword (flame)
rCold   . . .      Faith    .   c - +0 buckler
rNeg    . . .      Spirit   .   b - +0 scale mail
rPois   .          Reflect  .   (no helmet)
rElec   +          Harm     .   (no cloak)
rCorr   +          Rampage  .   (no gloves)
Will    .....                   (no boots)
Stlth   ..........              (no amulet)
HPRegen 0.17/turn               f - ring "Hiffecwi" {rElec rCorr Str+6 Dex-4}
MPRegen 0.10/turn               (no ring)

@: lethally poisoned (-1 -> -9)
A: no striking features
a: no special abilities


You were on level 5 of the Dungeon.
You visited 1 branch of the dungeon, and saw 5 of its levels.

You collected 243 gold pieces.
You spent 103 gold pieces at shops.

Inventory:

Hand Weapons
 a - a +0 war axe
 l - a +2 short sword of flaming (weapon)
Armour
 b - a +0 scale mail (worn)
 c - a +0 buckler (worn)
Jewellery
 f - the ring "Hiffecwi" (left hand) {rElec rCorr Str+6 Dex-4}
   (You acquired it on level 3 of the Dungeon)

   [ring of strength]

   Str:       It affects your strength (+6).
   Dex:       It affects your dexterity (-4).
   rElec:     It insulates you from electricity.
   rCorr:     It protects you from acid and corrosion.
Scrolls
 e - a scroll of immolation {unknown}
 i - a scroll of teleportation
 j - a scroll of fear {unknown}
Potions
 d - a potion of haste
 g - a potion of heal wounds {unknown}
 h - a potion of berserk rage
 k - a potion of brilliance {unknown}
 n - a potion of curing


   Skills:
 + Level 4.7 Fighting
 + Level 3.0 Short Blades
 + Level 4.4 Axes
 + Level 5.1 Armour
 + Level 1.1 Dodging
 + Level 0.5 Stealth
 + Level 3.8 Shields


You had 5 spell levels left.
You didn't know any spells.
Your spell library contained the following spells:

 Spells                   Type           Power      Damage    Failure   Level
 Sting                    Tmut/Pois      0%         1d3       67%         1
 Poisonous Vapours        Pois/Air       0%         N/A       82%         2
 Olgreb's Toxic Radiance  Pois           0%         N/A       100%        4


Dungeon Overview and Level Annotations

Branches:
Dungeon (5/15)
 Temple: D:4-7

Altars:

Shops:
D:3 (

Annotations:
D:3 Natasha
D:4 2 runed translucent doors, Heedrag's ghost, amateur MiFi


Message History

The killer bee stings you.
You are poisoned.
The killer bee poisons you!
You puncture the killer bee! You burn the killer bee.
The killer bee is severely wounded.
You feel sick. The killer bee closely misses you. The killer bee stings you.
You barely miss the killer bee.
The killer bee is severely wounded.
You feel sick.
The killer bee stings you but does no damage. x2
You miss the killer bee.
The killer bee is severely wounded.
You feel sick.
The killer bee stings you but does no damage.
The killer bee barely misses you.
You closely miss the killer bee.
The killer bee is severely wounded.
You feel sick. The killer bee stings you! The killer bee barely misses you.
You hit the killer bee but do no damage.
The killer bee is severely wounded.
You feel sick. The killer bee barely misses you.
You feel sick. The killer bee stings you.
You are more poisoned.
The killer bee poisons you!
You feel sick. The killer bee stings you.
You feel sick. The killer bee stings you.
You are more poisoned.
The killer bee poisons you!
You hit the killer bee but do no damage.
The killer bee is severely wounded.
You feel sick.
The killer bee stings you but does no damage. x2
You miss the killer bee.
The killer bee is severely wounded.
* * * LOW HITPOINT WARNING * * *
You feel very sick. The killer bee stings you.
* * * LOW HITPOINT WARNING * * *
The killer bee stings you!
You die...

.# #.........#
#####...####.# ###.....
<............. ..#....
#####...####.# #.#... #
#........#####..#.# #
#....####.......#.#
########.# #.........#
......##.####.[.......#####
................@y.........
......#######.......#.####!
......# #.......# ..
......# #.......# ##
......# ##...#### ......#
#...# ......# #...# ......#
##### [.....#


You could see a killer bee.

Vanquished Creatures
  A centaur (D:5)
  3 jellies (D:4)
  2 bullfrog skeletons
  Natasha (twice) (D:3)
  4 adders
  2 worms
  A dart slug (D:2)
  An orc (D:4)
  6 ball pythons
  10 endoplasms
  2 giant cockroaches
  2 goblins
  7 hobgoblins
  6 jackals
  2 quokkas
  7 bats
  4 frilled lizards
  15 kobolds
  6 rats (D:1)
83 creatures vanquished.

Vanquished Creatures (others)
  4 fungi (D:4)
  10 toadstools (D:4)
14 creatures vanquished.

Grand Total: 97 creatures vanquished

Notes
Turn   | Place    | Note
-------+----------+-------------------------------------------
     0 | D:1      | uniqcum the Hill Orc Fighter began the quest for the Orb.
     0 | D:1      | Reached XP level 1. HP: 19/19 MP: 1/1
   482 | D:1      | Reached XP level 2. HP: 17/27 MP: 2/2
   694 | D:1      | Found a faded altar of an unknown god.
  1632 | D:2      | Reached XP level 3. HP: 29/33 MP: 3/3
  2446 | D:2      | Reached XP level 4. HP: 40/40 MP: 4/4
  2570 | D:3      | Found Huerarasm's Weapon Shoppe.
  2591 | D:3      | Bought a +0 short sword of flaming for 103 gold pieces
  2614 | D:3      | Identified a scroll of acquirement
  2614 | D:3      | Acquired the ring "Hiffecwi" {rElec rCorr Str+6 Dex-4}
  2766 | D:3      | Noticed Natasha
  2777 | D:3      | Killed Natasha
  2778 | D:3      | Reached skill level 4 in Armour
  3196 | D:3      | Noticed Natasha
  3206 | D:3      | Killed Natasha
  3391 | D:3      | Reached XP level 5. HP: 43/47 MP: 5/5
  3746 | D:3      | Noticed Natasha
  4351 | D:4      | Reached skill level 1 in Dodging
  5111 | D:4      | Found a large runed translucent door.
  5111 | D:4      | Found a large runed translucent door.
  5114 | D:4      | Noticed Heedrag's ghost (amateur MiFi)
  5907 | D:4      | Reached skill level 1 in Short Blades
  5907 | D:4      | Reached XP level 6. HP: 48/53 MP: 6/6
  6454 | D:5      | Entered Level 5 of the Dungeon
  6492 | D:5      | Reached skill level 5 in Armour
  6716 | D:5      | Slain by a killer bee

Illustrated notes

Levels and vault maps discovered:
D:1:      dpeg_arrival_houses_and_road, layout_basic,
          shapermc_ecumenical_altar_venn, hangedman_feature_mirror,
          minmay_small_reverse_x
D:2:      layout_basic
D:3:      layout_basic, serial_shops, nicolae_diamond_shop, uniq_natasha,
          uniq_ijyb
D:4:      cheibrodos_fertilizer, layout_rooms, ebering_ghost_disaster_area
D:5:      layout_basic, temple_hall_moat

Skill      XL: |  1  2  3  4  5  6 |
---------------+-------------------+-----
Fighting       | 4 |  4.7
Axes           | 3 4 |  4.4
Armour         | 4 5 |  5.1
Dodging        | 1 |  1.1
Short Blades   | 1 3 |  3.0
Stealth        | |  0.5
Shields        | |  3.8

Action                   |  1- 3 |  4- 6 || total
-------------------------+-------+-------++-------
Melee: War axe           |   110 |     5 ||   115
       Short sword       |       |   170 ||   170
  Use: Scroll            |     1 |     9 ||    10
       Potion            |     1 |       ||     1
Armor: Scale mail        |    84 |    95 ||   179
Dodge: Dodged            |    86 |    96 ||   182
Block: Buckler           |    39 |    30 ||    69

Table legend: (Time is in decaauts)
 A = Elapsed time spent in this place.
 B = Non-inter-level travel time spent in this place.
 C = Inter-level travel time spent in this place.
 D = Time resting spent in this place.
 E = Time spent auto-exploring this place.
 F = Levels seen in this place.
 G = Mean time per level.
                   A        B        C        D        E       F      G
               +--------+--------+--------+--------+--------+-----+--------+
         Total |   6774 |   6774 |      0 |   3727 |      0 |   5 | 1354.8 |
       Dungeon |   6774 |   6774 |      0 |   3727 |      0 |   5 | 1354.8 |
               +--------+--------+--------+--------+--------+-----+--------+

Top non-repeatable levels by time:
     D:4: 2119 daAuts
     D:3: 1781 daAuts
     D:1: 1552 daAuts
     D:2: 1059 daAuts
     D:5: 261 daAuts
